 Dungeon Crawl Stone Soup version 0.25-a0-528-g6b7c99946c (webtiles) character file.

Game seed: 4930939956740896748, levelgen mode: classic

2041 EnegeticOcto the Chopper (level 9, 84/84 HPs)
             Began as a Deep Dwarf Fighter on Feb 19, 2020.
             Was a Follower of Nemelex Xobeh.
             Quit the game on level 6 of the Dungeon.
             The game lasted 00:02:00 (2481 turns).

EnegeticOcto the Chopper (Deep Dwarf Fighter)       Turns: 2481, Time: 00:02:00

Health: 84/84      AC: 11    Str: 24    XL:     9   Next: 4%
Magic:  3/3        EV: 11    Int: 10    God:    Nemelex Xobeh [*.....]
Gold:   183        SH: 11    Dex: 14    Spells: 8/8 levels left

rFire    . . .     SeeInvis .   a - +1 war axe
rCold    . . .     Gourm    .   c - +0 kite shield
rNeg     . . .     Faith    .   r - +4 scale mail "Kutyklud" {Str+2 Dex+2}
rPois    .         Spirit   .   (no helmet)
rElec    .         Reflect  .   (no cloak)
rCorr    .         Harm     .   (no gloves)
MR       +....                  (no boots)
Stlth    ..........             (no amulet)
HPRegen  0.00/turn              (no ring)
MPRegen  0.08/turn              (no ring)

@: non-regenerating
A: damage resistance, heal wounds, sense surroundings 2, no regeneration
a: Heal Wounds, Draw Escape, Draw Destruction, Draw Summoning, Renounce Religion


You were on level 6 of the Dungeon.
You worshipped Nemelex Xobeh.
Nemelex Xobeh was aware of your devotion.
You were not hungry.

You visited 2 branches of the dungeon, and saw 7 of its levels.

You collected 183 gold pieces.

Inventory:

Hand Weapons
 a - a +1 war axe (weapon)
Missiles
 s - a throwing net (quivered)
Armour
 b - a +0 scale mail
 c - a +0 kite shield (worn)
 r - the +4 scale mail "Kutyklud" (worn) {Str+2 Dex+2}
   (You found it on level 4 of the Dungeon)

   It affects your strength (+2).
   It affects your dexterity (+2).
   If you remove this armour, your AC will decrease by 11 (11 -> 0).
Jewellery
 u - a +4 ring of strength {unknown}
Wands
 t - a wand of clouds (4)
Scrolls
 i - 3 scrolls of teleportation {unknown}
 m - 2 scrolls of remove curse {@r6}
 n - a scroll of blinking {unknown}
 o - a scroll of identify {unknown}
Potions
 f - a potion of flight {unknown}
 g - a potion of lignification {unknown}
 h - a potion of heal wounds {unknown}
 j - a potion of curing {unknown}
 k - a potion of might {@q3}
 l - 2 potions of brilliance {unknown}
 p - a potion of stabbing {unknown}
 q - a potion of ambrosia {unknown}
Comestibles
 d - 9 chunks of flesh
 e - 2 rations


   Skills:
 * Level 6.3 Fighting
 * Level 7.2 Axes
 + Level 5.9 Armour
 + Level 4.7 Dodging
 + Level 5.9 Shields


You had 8 spell levels left.
You didn't know any spells.
Your spell library was empty.

Dungeon Overview and Level Annotations

Branches:
Dungeon (6/15)             Temple (1/1) D:6

Altars:
Dithmenos
Elyvilon
Fedhas
Gozag
Kikubaaqudgha
Nemelex Xobeh
Qazlal
Ru
Sif Muna
Uskayaw
Vehumet
Yredelemnul
Zin
The Shining One
Lugonu

Annotations:
D:5 exclusion: statue


Innate Abilities, Weirdness & Mutations

You are resistant to damage.
You can heal yourself by infusing magical energy.
You passively map the area around you.
You do not regenerate.


Message History

The fire elemental closely misses you.
The deep elf mage hits you but does no damage.
You block the fire elemental's attack.
You slash the deep elf mage!
The deep elf mage is almost dead.
You closely miss the fire elemental.
The deep elf mage completely misses you.
The fire elemental barely misses you.
You feel much better. The fire elemental barely misses you.
The deep elf mage hits you with a +0 long sword.
You hit the deep elf mage.
You kill the deep elf mage!
The fire elemental disappears in a puff of smoke!
Your Fighting skill increases to level 6!
Your Axes skill increases to level 7!
You have reached level 9!
Your experience leads to an increase in your attributes!
Your base attributes are Str 21, Int 10, Dex 12.
Increase (S)trength, (I)ntelligence, or (D)exterity?
You feel stronger.
Your attunement to dungeon structure grows.
You now have 183 gold pieces (gained 18).
There is an open gate, spattered with blood here.
Things that are here:
a +0 long sword; an elf corpse You butcher the elf corpse.
d - 10 chunks of flesh (gained 3)
There is an open gate, spattered with blood here.
Things that are here:
a +0 long sword; an elf skeleton
There is an open gate, spattered with blood here.
Things that are here:
a +0 long sword; an elf skeleton You see here 20 stones.
You open the gate.
Found a buckler.
There is an open gate here.
Found a robe.
You open the door.
Found a glowing silver altar of Zin.
There is an open door here.
Some of the chunks of flesh in your inventory have rotted away.
There is an escape hatch in the ceiling here.
You open the door.
There is an open door here.
An adder comes into view.
The adder hisses angrily.
Found a shadowy altar of Dithmenos and a basalt altar of Yredelemnul.
You miss the adder. The adder misses you. The adder closely misses you.
You hit the adder.
The adder is heavily wounded.
The adder misses you. The adder bites you but does no damage.
You hit the adder.
The adder is severely wounded.
The adder bites you.
An adder is nearby!
An adder is nearby!
An adder is nearby!
An adder is nearby!
Your shield and scale mail "Kutyklud" prevent you from hitting the adder.
The adder is severely wounded.
The adder misses you. The adder bites you but does no damage.
You barely miss the adder.
The adder is severely wounded.
You block the adder's attack.
You barely miss the adder.
The adder is severely wounded.
The adder closely misses you. You block the adder's attack.
You miss the adder.
The adder is severely wounded.
You block the adder's attack.
You slash the adder!
You kill the adder!
No target in view!
You butcher the adder corpse.
d - 9 chunks of flesh (gained 1)
You see here an adder skeleton. x2
Found a faded altar of an unknown god.
An iguana comes into view.
The iguana hisses angrily.
Found a shimmering blue altar of Sif Muna.
You slice the iguana!!
You kill the iguana!
No target in view!
No target in view!
No target in view!
No target in view!
Found a faded altar of an unknown god.
There is a faded altar of an unknown god here.
You cannot tell which god this altar belongs to.
Convert to them anyway?
Okay, then.
Unknown command.
Press < or > to pray at altars.
You cannot tell which god this altar belongs to.
Convert to them anyway?
Nemelex Xobeh accepts your prayer! Nemelex Xobeh welcomes you!
You can now draw from decks of power.
Nemelex Xobeh deals you some cards!
You now have 2 escape cards, 6 destruction cards and 4 summoning cards.
Are you sure you want to abandon this character and quit the game? (Confirm with "yes".)

..........#....#_#...........##.#
.......##.#...##.##...........###
......##.....##. .##...........##
<##.........##.. ..#............#
.##..........#.# #.#............#
............##.###.#.............
...........##..._#.###...........
...........#_....#..'.#..#.......
....####...##...@#.##........####
....# #...###.###รท#......>...#
....#####.## #.###.#.........##
......##..## #!.#..#.........#
...........####...##.........##
......##......##.##......#.##.##
.......##.##...#_#.....#.#.....#
.<.........##..###.....#..#....#
.....###.......................#


There were no monsters in sight!

Vanquished Creatures
  A deep elf mage (D:6)
  Sigmund (D:5)
  Eustachio (D:4)
  A necrophage (D:5)
  A phantom (D:4)
  7 ogres
  A scorpion (D:5)
  2 howler monkeys
  A bullfrog zombie (D:5)
  A gnoll shaman (D:5)
  An orc priest (D:4)
  2 iguanas
  5 worker ants
  7 gnolls
  3 adders
  An adder zombie (D:6)
  2 worms
  3 dart slugs
  2 leopard geckos
  10 orcs
  2 giant cockroaches (D:4)
  6 goblins
  4 hobgoblins
  2 jackals (D:5)
  A ball python (D:6)
  2 bats
  2 frilled lizards
  2 jackal zombies (D:6)
  2 kobolds
  A rat (D:1)
77 creatures vanquished.

Notes
Turn   | Place    | Note
-------+----------+-------------------------------------------
     0 | D:1      | EnegeticOcto the Deep Dwarf Fighter began the quest for the
                  | Orb.
     0 | D:1      | Reached XP level 1. HP: 20/20 MP: 1/1
     2 | D:1      | Noticed a halfling
     2 | D:1      | Noticed a gargoyle
     4 | D:1      | Noticed an elf
     4 | D:1      | Noticed a demigod
     6 | D:1      | Noticed a spriggan
     8 | D:1      | Noticed a troll
     8 | D:1      | Noticed a centaur
    10 | D:1      | Noticed a minotaur
    10 | D:1      | Noticed a vine stalker
    12 | D:1      | Noticed a naga
    14 | D:1      | Noticed a tengu
    14 | D:1      | Noticed a vampire
    16 | D:1      | Noticed a draconian
    16 | D:1      | Noticed a merfolk
    18 | D:1      | Noticed an octopode
    18 | D:1      | Noticed a felid
    20 | D:1      | Noticed a human
    22 | D:1      | Noticed a ghoul
    22 | D:1      | Noticed a dwarf
    24 | D:1      | Noticed a formicid
    24 | D:1      | Noticed a demonspawn
    26 | D:1      | Noticed an ogre
    83 | D:1      | Reached XP level 2. HP: 21/27 MP: 2/2
   108 | D:2      | Reached XP level 3. HP: 19/34 MP: 3/3
   149 | D:2      | Reached skill level 1 in Dodging
   383 | D:3      | Reached skill level 3 in Axes
   473 | D:4      | Reached XP level 4. HP: 30/42 MP: 3/3
   531 | D:4      | Noticed Eustachio
   531 | D:4      | Noticed an ogre
   537 | D:4      | Killed an ogre
   537 | D:4      | Reached XP level 5. HP: 20/49 MP: 4/4
   579 | D:4      | Killed Eustachio
   579 | D:4      | Reached skill level 4 in Axes
   579 | D:4      | Reached XP level 6. HP: 28/57 MP: 5/5
   817 | D:4      | Got a smelly scale mail
   828 | D:4      | Identified the +4 scale mail "Kutyklud" {Str+2 Dex+2} (You
                  | found it on level 4 of the Dungeon)
   878 | D:4      | Found an ancient bone altar of Kikubaaqudgha.
  1071 | D:4      | Reached XP level 7. HP: 62/66 MP: 5/5
  1110 | D:5      | Entered Level 5 of the Dungeon
  1134 | D:5      | Reached skill level 5 in Axes
  1260 | D:5      | Noticed Sigmund
  1267 | D:5      | Reached skill level 5 in Fighting
  1267 | D:5      | Reached skill level 5 in Armour
  1282 | D:5      | Killed Sigmund
  1282 | D:5      | Reached skill level 5 in Shields
  1282 | D:5      | Reached XP level 8. HP: 41/74 MP: 5/5
  1301 | D:5      | Reached skill level 6 in Axes
  1317 | D:5      | Found a sparkling altar of Nemelex Xobeh.
  1328 | D:5      | Found a blossoming altar of Fedhas.
  1581 | D:5      | Found a radiant altar of Vehumet.
  1704 | D:5      | Found a sacrificial altar of Ru.
  1809 | D:5      | Found a glowing drain.
  2140 | D:6      | Found a staircase to the Ecumenical Temple.
  2151 | Temple   | Entered the Ecumenical Temple
  2293 | D:6      | Noticed a deep elf mage
  2313 | D:6      | Killed a deep elf mage
  2313 | D:6      | Reached skill level 7 in Axes
  2313 | D:6      | Gained mutation: You passively map the area around you.
                  | [Deep Dwarf growth]
  2313 | D:6      | Reached XP level 9. HP: 84/84 MP: 3/3
  2341 | D:6      | Found a glowing silver altar of Zin.
  2459 | D:6      | Found a shadowy altar of Dithmenos.
  2459 | D:6      | Found a basalt altar of Yredelemnul.
  2473 | D:6      | Found a faded altar of an unknown god.
  2475 | D:6      | Found a shimmering blue altar of Sif Muna.
  2477 | D:6      | Found a faded altar of an unknown god.
  2480 | D:6      | Became a worshipper of Nemelex Xobeh the Trickster
  2480 | D:6      | Received a gift from Nemelex Xobeh
  2480 | D:6      | Reached * piety under Nemelex Xobeh
  2481 | D:6      | Quit the game

Levels and vault maps discovered:
D:1:      kb_arrival_jail, layout_basic
D:2:      layout_rooms
D:3:      layout_basic, overflow_temple_1_default, first_ration
D:4:      layout_basic, nicolae_overflow_crystal_walls, uniq_eustachio
D:5:      layout_loops_ring, fedhas_altar_2, nemelex_xobeh_ov_fountains_minmay,
          vehumet_statue, portal_sewer_entry_c, nicolae_ru_sacrificial_ziggurat,
          uniq_sigmund
D:6:      layout_cave_pools, zin_statuary, chequers_temple_overflow_minitemple,
          minmay_temple_entry_drinking_statues, guppyfry_early_elven_hall
Temple:   corrupted_temple

Skill      XL: |  1  2  3  4  5  6  7  8 |
---------------+-------------------------+-----
Fighting       | 3 4 5 6 |  6.3
Dodging        | 1 2 3 4 |  4.7
Axes           | 3 4 5 7 |  7.2
Armour         | 4 5 |  5.9
Shields        | 4 5 |  5.9

Action                   |  1- 3 |  4- 6 |  7- 9 || total
-------------------------+-------+-------+-------++-------
Melee: War axe           |   114 |   117 |   153 ||   384
 Abil: Heal Wounds       |     3 |     4 |    14 ||    21
  Use: Scroll            |       |       |     2 ||     2
  Eat: Chunk             |       |     1 |     2 ||     3
       Ration            |       |       |     1 ||     1
Armor: Scale mail        |    46 |    38 |    58 ||   142
Dodge: Dodged            |    47 |    44 |    47 ||   138
Block: Kite shield       |    56 |    56 |    95 ||   207

Table legend:
 A = Non-vault XP
 B = Vault XP
 C = Vault XP percentage of total XP
 D = Non-vault monster count
 E = Vault monster count
 F = Vault count percentage of total count
                 A         B        C        D         E       F
            +---------+---------+-------+---------+---------+-------
      Total |    1882 |    1035 |  35.5 |      74 |       3 |   3.9
            +---------+---------+-------+---------+---------+-------
        D:1 |      18 |       0 |   0.0 |      10 |       0 |   0.0
        D:2 |      29 |       0 |   0.0 |       7 |       0 |   0.0
        D:3 |      17 |       0 |   0.0 |       7 |       0 |   0.0
        D:4 |     492 |     202 |  29.1 |      23 |       1 |   4.2
        D:5 |     894 |     238 |  21.0 |      15 |       1 |   6.2
        D:6 |     432 |     595 |  57.9 |      12 |       1 |   7.7
            +---------+---------+-------+---------+---------+-------
